 Dungeon Crawl Stone Soup version 0.21.1-1-g345015fe64 (webtiles) character file.

1742 Revguard the Slasher (level 8, -7/68 HPs)
             Began as a Black Draconian Gladiator on June 10, 2018.
             Killed themself with a bounced orb of electricity (11 damage)
             ... on level 5 of the Dungeon.
             The game lasted 00:25:09 (5276 turns).

Revguard the Slasher (Black Draconian Gladiator)    Turns: 5276, Time: 00:25:09

Health: -7/68      AC:  8    Str: 17    XL:     8   Next: 77%
Magic:  8/8        EV: 15    Int:  8    God:
Gold:   94         SH:  5    Dex: 15    Spells: 7/7 levels left

rFire    . . .     SeeInvis .   a - +0 long sword
rCold    . . .     Gourm    .   (no shield)
rNeg     . . .     Faith    .   (armour unavailable)
rPois    .         Spirit   .   b - +0 hat
rElec    +         Reflect  +   (no cloak)
rCorr    .         Harm     .   e - +1 pair of gloves
MR       .....                  (no boots)
Stlth    ++++......             i - +5 amulet of reflection
HPRegen  0.21/turn              q - ring of stealth
MPRegen  0.11/turn              (no ring)

@: lethally poisoned (-7 -> -8)
A: breathe lightning, unfitting armour, electricity resistance, cold-blooded, AC
+6
a: Breathe Lightning


You were on level 5 of the Dungeon.
You were not hungry.

You visited 1 branch of the dungeon, and saw 5 of its levels.

You collected 304 gold pieces.
You spent 210 gold pieces at shops.

Inventory:

Hand Weapons
 a - a +0 long sword (weapon)
Missiles
 c - 3 throwing nets (quivered)
 o - 2 silver tomahawks
Armour
 b - a +0 hat (worn)
 e - a +1 pair of gloves (worn)
Jewellery
 i - a +5 amulet of reflection (around neck)
 n - an uncursed amulet of magic regeneration
 q - a ring of stealth (left hand)
Wands
 f - a wand of digging (7)
Scrolls
 g - a scroll of enchant weapon {unknown}
 h - 2 scrolls of magic mapping
 j - 3 scrolls of remove curse
 p - a scroll of identify
Potions
 l - a potion of agility
 r - a potion of resistance {unknown}
 s - a potion of lignification {unknown}
 t - a potion of flight {unknown}
 w - 2 potions of curing
Comestibles
 d - 8 rations


   Skills:
 + Level 5.2 Fighting
 + Level 7.8 Long Blades
 - Level 1.7 Throwing
 + Level 5.8 Dodging
 * Level 4.8 Stealth


You had 7 spell levels left.
You didn't know any spells.

Dungeon Overview and Level Annotations

Branches:
Dungeon (5/15)
 Temple: D:4-7

Altars:
Ashenzari
Hepliaklqana
Makhleb
Qazlal
Ru
Sif Muna
Vehumet

Shops:
D:4 =   D:5 [

Annotations:
D:3 exclusion: player ghost


Innate Abilities, Weirdness & Mutations

You can breathe wild blasts of lightning.
Your glossy black scales are hard. (AC +6)
You cannot fit into any form of body armour.
You are resistant to electric shocks. (rElec)
You are cold-blooded and may be slowed by cold attacks.


Message History

The water moccasin poisons you!
The freed slave misses the water moccasin.
You closely miss the water moccasin.
The water moccasin is almost dead.
You feel sick. The water moccasin closely misses you.
The freed slave hits the water moccasin!
The water moccasin dies!
The freed slave looks more experienced.
You eat one of the 9 rations.
That ration really hit the spot!
You feel sick.
You start resting.
You feel sick. x9
A phantom comes into view.
You barely miss the phantom.
Your tail-slap misses the phantom.
You feel sick. The phantom barely misses you.
You riposte.
You miss the phantom. You closely miss the phantom. The phantom hits you!
* * * LOW HITPOINT WARNING * * *
Unknown command.
You breathe a wild blast of lightning!
The orb of electricity explodes!
The orb of electricity engulfs you! You resist.
You die...

### ####.. . #.....
.. #..... ...
#..... .. ###
###..... ..##.##@#
#....... ......Wp#
#.###... ###)###.#
#8# #... #.p...#
#.# #... #####.#
#.# #### #.# #∩# #
####.#########.#
###
####...........##.#
#.#
#..............##8#
##.#


You could see a phantom and a neutral freed slave (wandering).

Vanquished Creatures
  Pikel (D:5)
  The ghost of AndJem the Chopper, an amateur MiFi (D:4)
  The ghost of Hercules1031 the Covered, an amateur HuFi (D:3)
  2 ice beasts (D:5)
  A slave (D:5)
  A scorpion (D:4)
  A crimson imp (D:2)
  2 hounds (D:3)
  6 orc wizards
  An orc priest (D:4)
  A bullfrog skeleton (D:5)
  Ijyb (D:4)
  2 worker ants
  A killer bee zombie (D:5)
  A hound zombie (D:5)
  A hound skeleton (D:5)
  5 adders
  A gnoll (D:3)
  A howler monkey skeleton (D:4)
  4 oozes
  2 adder skeletons (D:4)
  An adder zombie (D:5)
  A worm (D:2)
  5 leopard geckos
  17 orcs
  2 ball pythons
  7 bats
  2 giant cockroaches
  8 hobgoblins
  3 jackals
  5 kobolds
  6 quokkas
  6 frilled lizards
  A giant cockroach zombie (D:5)
  7 goblins
  2 jackal skeletons
  11 rats
121 creatures vanquished.

Vanquished Creatures (others)
  A water moccasin (D:5)
1 creature vanquished.

Grand Total: 122 creatures vanquished

Notes
Turn   | Place    | Note
-------+----------+-------------------------------------------
     0 | D:1      | Revguard the Draconian Gladiator began the quest for the Orb.
     0 | D:1      | Reached XP level 1. HP: 17/17 MP: 1/1
   234 | D:1      | Reached XP level 2. HP: 18/24 MP: 2/2
   502 | D:2      | Noticed a crimson imp
   507 | D:2      | Killed a crimson imp
   507 | D:2      | Reached skill level 1 in Stealth
   507 | D:2      | Reached XP level 3. HP: 30/30 MP: 3/3
   598 | D:2      | Reached skill level 4 in Long Blades
   598 | D:2      | Reached XP level 4. HP: 23/37 MP: 4/4
   624 | D:2      | Found a deep blue altar of Sif Muna.
   778 | D:2      | Found a shattered altar of Ashenzari.
   979 | D:2      | Found a burning altar of Makhleb.
   981 | D:2      | Found a stormy altar of Qazlal.
  1414 | D:3      | Reached XP level 5. HP: 44/44 MP: 5/5
  1961 | D:3      | Noticed Hercules1031's ghost (amateur HuFi)
  2329 | D:4      | Reached skill level 5 in Long Blades
  2329 | D:4      | Reached XP level 6. HP: 24/51 MP: 6/6
  2654 | D:4      | Noticed AndJem's ghost (amateur MiFi)
  2724 | D:4      | Killed AndJem's ghost
  2724 | D:4      | Your scales start taking on a glossy black colour.
  2724 | D:4      | Reached XP level 7. HP: 16/58 MP: 7/7
  2724 | D:4      | Gained mutation: You are resistant to electric shocks. (rElec) [Black Draconian growth]
  2975 | D:4      | Found Taevvix's Jewellery Shoppe.
  3076 | D:4      | Noticed Ijyb
  3086 | D:4      | Killed Ijyb
  3212 | D:4      | Reached skill level 6 in Long Blades
  4182 | D:3      | Killed Hercules1031's ghost
  4477 | D:3      | Found a radiant altar of Vehumet.
  4477 | D:3      | Found a sacrificial altar of Ru.
  4545 | D:4      | Bought an uncursed ring of stealth for 210 gold pieces
  4576 | D:5      | Entered Level 5 of the Dungeon
  4641 | D:5      | Reached XP level 8. HP: 39/67 MP: 8/8
  4700 | D:5      | Found a hazy altar of Hepliaklqana.
  4731 | D:5      | Reached skill level 5 in Dodging
  4756 | D:5      | Found Vouvud's Antique Armour Emporium.
  4949 | D:5      | Noticed Pikel
  5247 | D:5      | Killed Pikel
  5247 | D:5      | Reached skill level 5 in Fighting
  5247 | D:5      | Reached skill level 7 in Long Blades
  5276 | D:5      | Killed themself with a bounced orb of electricity

Skill      XL: |  1  2  3  4  5  6  7  8 |
---------------+-------------------------+-----
Dodging        | 3 4 5 |  5.8
Stealth        | 1 2 3 4 |  4.8
Long Blades    | 4 5 6 7 |  7.8
Fighting       | 3 4 5 |  5.2
Throwing       | |  1.7

Action                   |  1- 3 |  4- 6 |  7- 9 || total
-------------------------+-------+-------+-------++-------
Melee: Long sword        |    62 |   175 |   167 ||   404
       Tailslap          |    18 |    21 |    30 ||    69
 Abil: Breathe Lightning |       |       |    12 ||    12
  Use: Potion            |       |     5 |     5 ||    10
       Scroll            |       |       |    12 ||    12
 Stab: Sleeping          |       |     5 |     1 ||     6
  Eat: Ration            |       |     1 |     4 ||     5
       Chunk             |       |     2 |       ||     2
Armor: Skin              |    23 |    59 |    52 ||   134
Dodge: Dodged            |    71 |   180 |   145 ||   396
Block: Other             |       |       |    22 ||    22
       Rpst.: Long sword |    25 |    54 |    48 ||   127
